 Dungeon Crawl Stone Soup version 0.24.0-125-gc4c63601f3 (webtiles) character file.

Game seed: 9757718786735903655, levelgen mode: deterministic

178 shakethe the Skirmisher (level 5, -4/42 HPs)
             Began as a Demonspawn Fighter on Mar 17, 2020.
             Killed by nerve-wracking pain
             ... invoked by an orc priest
              (10 damage)
             ... on level 3 of the Dungeon.
             The game lasted 00:04:07 (2166 turns).

shakethe the Skirmisher (Demonspawn Fighter)        Turns: 2166, Time: 00:04:07

Health: -4/42      AC:  9    Str: 26    XL:     5   Next: 32%
Magic:  5/5        EV:  8    Int: 10    God:
Gold:   102        SH: 14    Dex: 18    Spells: 4/4 levels left

rFire    . . .     SeeInvis .   a - +0 long sword
rCold    . . .     Gourm    .   c - +0 shield
rNeg     . . .     Faith    .   b - +0 scale mail
rPois    .         Spirit   .   (no helmet)
rElec    .         Reflect  .   m - +0 cloak
rCorr    .         Harm     .   (no gloves)
MR       .....                  q - +0 pair of boots
Stlth    +.........             h - amulet of magic regeneration
HPRegen  0.14/turn              g - +6 ring of dexterity
MPRegen  0.34/turn              k - +4 ring of strength

@: mighty
A: large bone plates 1, nightstalker 1
a: no special abilities


You were on level 3 of the Dungeon.
You were hungry.

You visited 1 branch of the dungeon, and saw 3 of its levels.

You collected 102 gold pieces.

Inventory:

Hand Weapons
 a - a +0 long sword (weapon)
Armour
 b - a +0 scale mail (worn)
 c - a +0 shield (worn)
 m - a +0 cloak (worn)
 q - a +0 pair of boots (worn)
Jewellery
 g - a +6 ring of dexterity (left hand)
 h - an amulet of magic regeneration (around neck)
 k - a +4 ring of strength (right hand)
Scrolls
 e - 2 scrolls of enchant armour {unknown}
 i - 3 scrolls of identify {unknown}
 l - a scroll of random uselessness {unknown}
 n - 2 scrolls of remove curse {unknown}
 o - a scroll of noise {unknown}
 r - a scroll of fog {unknown}
Potions
 j - a potion of agility {unknown}
 p - a potion of lignification {unknown}
 s - a potion of heal wounds {unknown}
Comestibles
 f - 7 rations


   Skills:
 + Level 4.2 Fighting
 * Level 2.7 Long Blades
 + Level 3.3 Armour
 + Level 1.2 Dodging
 + Level 3.3 Shields


You had 4 spell levels left.
You didn't know any spells.
Your spell library was empty.

Dungeon Overview and Level Annotations

Branches:
Dungeon (3/15)

Altars:
Trog


Innate Abilities, Weirdness & Mutations

You are partially covered in large bone plates. (SH +4)
You are slightly more attuned to the shadows.


Message History

The orc wizard is moderately wounded.
The orc priest looks encouraged for a moment.
You barely miss the orc wizard.
The orc wizard is moderately wounded.
The orc priest calls upon Beogh to heal the orc warrior.
The orc warrior is healed somewhat.
The orc wizard hits you with a +0 dagger.
You hit the orc warrior.
The orc warrior is moderately wounded.
You block the orc warrior's attack.
You feel very mighty all of a sudden.
Your shield prevents you from hitting the orc warrior.
The orc warrior is moderately wounded.
The orc wizard mumbles some strange words.
The orc wizard seems to speed up.
The orc warrior hits you with a +0 dire flail!
* * * LOW HITPOINT WARNING * * *
The orc priest mumbles some strange prayers to Beogh against you.
Pain shoots through your body!
You die...

#.###.#.# #.###.#.#
#.##..#.# #.##.##.#
#.##.##)# #....†).#
####.##### ####
.........##########..
##.#####.##.....@.#.#
#.#####.##.#####.#o####
#.##......^# #oooo..#
#.##.##.#### ###o##.#
#.##.##.# #r......
#.......# ####...#
####.#### #.#
###......# # #........#


You could see an orc warrior, an orc priest, 2 orcs and a quokka.

Vanquished Creatures
  4 gnolls (D:3)
  5 adders
  2 oozes
  A worm (D:2)
  3 dart slugs
  2 leopard geckos
  6 giant cockroaches
  17 goblins
  7 hobgoblins
  5 bats
  10 frilled lizards
  13 kobolds
  3 rats
78 creatures vanquished.

Notes
Turn   | Place    | Note
-------+----------+-------------------------------------------
     0 | D:1      | shakethe the Demonspawn Fighter began the quest for the
                  | Orb.
     0 | D:1      | Reached XP level 1. HP: 18/18 MP: 1/1
   145 | D:1      | Gained mutation: You are slightly more attuned to the
                  | shadows. [demonic ancestry]
   145 | D:1      | Reached XP level 2. HP: 6/24 MP: 2/2
   812 | D:1      | Gained mutation: You are partially covered in large bone
                  | plates. (SH +4) [demonic ancestry]
   812 | D:1      | Reached XP level 3. HP: 29/29 MP: 3/3
  1204 | D:2      | Reached XP level 4. HP: 27/37 MP: 4/4
  1281 | D:2      | Reached skill level 4 in Fighting
  1319 | D:2      | Found a bloodstained altar of Trog.
  1742 | D:3      | Reached skill level 1 in Dodging
  1762 | D:3      | Reached XP level 5. HP: 23/42 MP: 5/5
  2152 | D:3      | Noticed an orc warrior
  2166 | D:3      | Killed from afar by an orc priest

Levels and vault maps discovered:
D:1:      sevenhm_arrival_forest_fort_large_2, layout_basic, st_stairs_4,
          hex_tiny
D:2:      layout_basic, bloody_trog, first_ration
D:3:      layout_loops_cross

Skill      XL: |  1  2  3  4 |
---------------+-------------+-----
Long Blades    | 2 |  2.7
Armour         | 3 |  3.3
Shields        | 3 |  3.3
Fighting       | 4 |  4.2
Dodging        | 1 |  1.2

Action                   |  1- 3 |  4- 6 || total
-------------------------+-------+-------++-------
Melee: Long sword        |   142 |   125 ||   267
  Use: Potion            |       |     1 ||     1
 Stab: Sleeping          |       |     1 ||     1
  Eat: Chunk             |     1 |     3 ||     4
Armor: Scale mail        |    60 |    45 ||   105
Dodge: Dodged            |    55 |    33 ||    88
Block: Shield            |    91 |    97 ||   188
       Rpst.: Long sword |    20 |    11 ||    31
